 Dungeon Crawl Stone Soup version 0.22.1-1-ga44c0e56f4 (webtiles) character file.

2878 BushDid911 the Shield-Bearer (level 9, -3/48 HPs)
             Began as a Vine Stalker Fighter on Sept 21, 2018.
             Was an Elder of Okawaru.
             Killed from afar by an electric eel (11 damage)
             ... with a bolt of electricity
             ... on level 8 of the Dungeon.
             The game lasted 00:18:17 (7691 turns).

BushDid911 the Shield-Bearer (Vine Stalker Fighter) Turns: 7691, Time: 00:18:18

Health: -3/48      AC: 18    Str: 19    XL:     9   Next: 76%
Magic:  0/15       EV:  5    Int:  8    God:    Okawaru [****..]
Gold:   229        SH: 11    Dex: 20    Spells: 15/15 levels left

rFire    . . .     SeeInvis .   a - +3 war axe
rCold    . . .     Gourm    +   c - +0 shield
rNeg     . . .     Faith    .   C - +0 plate armour
rPois    .         Spirit   +   j - +0 helmet
rElec    .         Reflect  .   (no cloak)
rCorr    +         Harm     .   y - +2 pair of gloves {Dex+3}
MR       +....                  n - +0 pair of boots
Stlth    ..........             z - amulet of the gourmand
HPRegen  0.56/turn              s - ring of flight
MPRegen  0.14/turn              u - ring of resist corrosion

@: drained
A: fangs 3, regeneration 1, magic shield, antimagic bite, no potion heal 3, rot
immunity
a: Heroism, Renounce Religion, Evoke Flight


You were on level 8 of the Dungeon.
You worshipped Okawaru.
Okawaru was greatly pleased with you.
You were very full.

You visited 1 branch of the dungeon, and saw 8 of its levels.

You collected 229 gold pieces.

Inventory:

Hand Weapons
 a - a +3 war axe (weapon)
 b - a +0 hunting sling
Missiles
 g - 140 sling bullets
 p - 52 bolts
Armour
 c - a +0 shield (worn)
 j - a +0 helmet (worn)
 n - a +0 pair of boots (worn)
 y - a +2 pair of gloves of dexterity (worn)
 C - a +0 plate armour (worn)
Jewellery
 s - a ring of flight (left hand)
 u - a ring of resist corrosion (right hand)
 z - an amulet of the gourmand (around neck)
Wands
 k - a wand of acid (21)
Scrolls
 e - 3 scrolls of teleportation
 i - 5 scrolls of remove curse
 m - 2 scrolls of fear {unknown}
 r - 2 scrolls of amnesia {unknown}
 v - 2 scrolls of blinking {unknown}
 x - a scroll of fog
 D - a scroll of magic mapping {unknown}
Potions
 d - a potion of magic {unknown}
 h - a potion of haste
 l - 3 potions of curing {unknown}
 q - 2 potions of mutation {unknown}
 t - a potion of agility
 w - a potion of flight
 A - a potion of cancellation {unknown}
 B - 2 potions of berserk rage
Comestibles
 f - 11 rations


   Skills:
 * Level 6.0(5.8) Fighting
 + Level 4.2(4.0) Axes
 * Level 5.4(5.3) Armour
 + Level 3.1(3.0) Dodging
 + Level 5.3(5.1) Stealth
 * Level 6.0(5.8) Shields
 + Level 3.9(3.7) Spellcasting


You had 15 spell levels left.
You didn't know any spells.
Your spell library contained the following spells:

 Spells                   Type           Power        Failure   Level  Hunger
 Static Discharge         Conj/Air       #.......     100%        3    ###....
 Bolt of Fire             Conj/Fire      #.........   100%        6    #######


Dungeon Overview and Level Annotations

Branches:
Dungeon (8/15)             Temple (0/1) D:7
   Lair: D:8-11

Altars:
Fedhas
Gozag
Nemelex Xobeh
Okawaru
Qazlal
Ru
Sif Muna
Trog
Uskayaw
Xom
Zin

Annotations:
D:2 1 runed door


Innate Abilities, Weirdness & Mutations

You have razor-sharp teeth.
Your natural rate of healing is unusually fast.
When hurt, damage is shared between your health and your magic reserves.
Your bite disrupts and absorbs the magic of your enemies.
Potions cannot restore your health.
You are immune to rotting.


Message History

The bolt of electricity hits you! x2
The bolt of electricity hits the electric eel.
The electric eel completely resists.
The bolt of electricity hits the electric eel.
The electric eel completely resists.
You closely miss the electric eel. You bite the electric eel.
You drain its power.
You feel invigorated.
The electric eel is moderately wounded.
The electric eel shoots out a bolt of lightning at you!
The bolt of electricity hits you! x2
* * * LOW HITPOINT WARNING * * *
The bolt of electricity misses the electric eel.
The bolt of electricity hits the electric eel.
The electric eel completely resists.
The electric eel shoots out a bolt of lightning at you!
The bolt of electricity hits you!
* * * LOW HITPOINT WARNING * * *
The electric eel shoots out a bolt of lightning at you!
The bolt of electricity hits you!
You die...

###.# #..[..).# ...##
....###########.#..$..
........# #.#.#..####
........# #.# ......
........#######.###..######
........+........).........
................[##........
.....###....###............
....#...#..#...#@.##.......
....#.⌠.#..#.⌠.#..# .###...
....#...#≈≈#...#.## .# #.
....≈###≈≈≈;###;.# .# ...
≈≈≈≈≈≈≈≈..# .# ..
≈≈≈≈≈≈≈≈≈... # ≈≈≈###≈.##
≈≈ .#.# . ⌠.#.#


You could see an electric eel.

Vanquished Creatures
  Grinder (D:6)
  Menkaure (D:4)
  Duvessa (D:5)
  An orc warrior (D:8)
  A black bear (D:5)
  A phantom (D:4)
  3 ogres
  A centaur (D:5)
  Blork the orc (D:6)
  2 bullfrogs
  Dowan (D:5)
  A water moccasin zombie (D:7)
  2 scorpions
  A water moccasin skeleton (D:8)
  8 wights
  2 crimson imps
  A bullfrog zombie (D:5)
  6 orc priests
  5 hounds
  2 jellies
  9 orc wizards
  A centaur skeleton (D:6)
  2 worker ants
  A mummy (D:5)
  A worker ant zombie (D:8)
  9 adders
  4 gnolls (D:7)
  2 adder skeletons
  3 worms
  A dart slug (D:3)
  4 leopard geckos
  20 orcs
  8 bats
  7 giant cockroaches
  11 goblins
  9 hobgoblins
  5 jackals
  7 kobolds
  5 quokkas
  4 frilled lizards
  A goblin zombie (D:5)
  A hobgoblin zombie (D:5)
  A leopard gecko skeleton (D:4)
  10 rats
  4 fungi (D:2)
172 creatures vanquished.

Vanquished Creatures (others)
  A wizard (D:3)
1 creature vanquished.

Grand Total: 173 creatures vanquished

Notes
Turn   | Place    | Note
-------+----------+-------------------------------------------
     0 | D:1      | BushDid911 the Vine Stalker Fighter began the quest for the
                  | Orb.
     0 | D:1      | Reached XP level 1. HP: 11/11 MP: 2/2
    90 | D:1      | Reached XP level 2. HP: 14/16 MP: 3/3
   316 | D:1      | Reached XP level 3. HP: 18/19 MP: 4/4
   476 | D:1      | Reached skill level 1 in Stealth
  1203 | D:2      | Gained mutation: Your natural rate of healing is unusually
                  | fast. [Vine Stalker growth]
  1203 | D:2      | Reached XP level 4. HP: 19/24 MP: 6/6
  1218 | D:2      | Reached skill level 1 in Spellcasting
  1457 | D:2      | Found a sparkling altar of Nemelex Xobeh.
  1599 | D:2      | Found a runed door.
  1658 | D:3      | Found an iron altar of Okawaru.
  1715 | D:3      | Reached XP level 5. HP: 28/28 MP: 7/7
  1720 | D:3      | Became a worshipper of Warmaster Okawaru
  1759 | D:3      | Found a bloodstained altar of Trog.
  1914 | D:3      | You fall through a shaft for 3 floors!
  1914 | D:6      | Noticed a black bear
  1922 | D:5      | Entered Level 5 of the Dungeon
  1959 | D:5      | Reached skill level 1 in Dodging
  2026 | D:4      | Noticed Menkaure
  2033 | D:4      | Killed Menkaure
  2033 | D:4      | Reached * piety under Okawaru
  2033 | D:4      | Reached XP level 6. HP: 4/33 MP: 1/9
  2151 | D:4      | Found a blossoming altar of Fedhas.
  2201 | D:4      | Reached XP level 7. HP: 37/37 MP: 10/10
  2528 | D:3      | You fall through a shaft for 3 floors!
  2592 | D:5      | Noticed Duvessa
  2593 | D:5      | Noticed Dowan
  2605 | D:5      | Killed Duvessa
  2608 | D:5      | Killed Dowan
  2954 | D:5      | Reached ** piety under Okawaru
  3110 | D:5      | Found a stormy altar of Qazlal.
  3124 | D:5      | You fall through a shaft for 2 floors!
  3124 | D:7      | Found a staircase to the Ecumenical Temple.
  3246 | D:6      | Gained mutation: You have razor-sharp teeth. [Vine Stalker
                  | growth]
  3246 | D:6      | Reached XP level 8. HP: 3/42 MP: 0/12
  3596 | D:5      | Found a sacrificial altar of Ru.
  5097 | D:3      | Found a blossoming altar of Fedhas.
  5370 | D:3      | Found a bloodstained altar of Trog.
  5371 | D:3      | Noticed a wizard
  5376 | D:3      | Killed a wizard
  5584 | D:4      | Reached skill level 5 in Fighting
  5584 | D:4      | Reached skill level 5 in Shields
  5804 | D:6      | Noticed Grinder
  5806 | D:6      | Paralysed by Grinder for 2 turns
  5816 | D:6      | Paralysed by Grinder for 7 turns
  5828 | D:6      | Killed Grinder
  5828 | D:6      | Reached XP level 9. HP: 29/47 MP: 12/14
  5847 | D:6      | Noticed Blork the orc
  5853 | D:6      | Killed Blork the orc
  5853 | D:6      | Reached *** piety under Okawaru
  6377 | D:6      | Found a glowing silver altar of Zin.
  6381 | D:6      | Found a deep blue altar of Sif Muna.
  6629 | D:7      | Reached skill level 5 in Armour
  7317 | D:7      | Found an opulent altar of Gozag.
  7319 | D:7      | Found a shimmering altar of Xom.
  7319 | D:7      | Found an iron altar of Okawaru.
  7321 | D:7      | Found a sparkling altar of Nemelex Xobeh.
  7321 | D:7      | Found a glowing silver altar of Zin.
  7321 | D:7      | Found a shimmering altar of Xom.
  7452 | D:8      | Noticed a hand axe
  7452 | D:8      | Noticed an enchanted hand axe
  7455 | D:8      | Found a hide-covered altar of Uskayaw.
  7476 | D:8      | Identified the Collected Works on Conjuration
  7492 | D:8      | Reached skill level 5 in Stealth
  7640 | D:8      | Reached **** piety under Okawaru
  7691 | D:8      | Killed from afar by an electric eel

Skill      XL: |  1  2  3  4  5  6  7  8  9 |
---------------+----------------------------+-----
Stealth        | 1 2 3 4 5 |  5.3
Axes           | 2 3 4 |  4.2
Fighting       | 3 4 5 6 |  6.0
Shields        | 3 4 5 6 |  6.0
Spellcasting   | 1 2 3 |  3.9
Armour         | 3 4 5 |  5.4
Dodging        | 1 2 3 |  3.1

Action                   |  1- 3 |  4- 6 |  7- 9 || total
-------------------------+-------+-------+-------++-------
Melee: War axe           |   103 |   106 |   324 ||   533
       Bite              |    23 |    39 |   117 ||   179
  Use: Scroll            |     1 |     7 |     4 ||    12
       Potion            |       |     6 |     1 ||     7
  Eat: Chunk             |     1 |     3 |    24 ||    28
       Ration            |       |       |     1 ||     1
Armor: Scale mail        |    55 |       |       ||    55
       Chain mail        |       |    90 |   175 ||   265
       Plate armour      |       |       |     1 ||     1
Dodge: Dodged            |    55 |    31 |    88 ||   174
Block: Shield            |    63 |    52 |   180 ||   295
